| TOP OF THE 1ST |
|
Johnson City Cardinals batting - Pitching for Washington (APP) Nationals : LHP Mark Ellis
|
|
Pitching: LHP Mark Ellis
|
|
|
Batting: RHB Diego Herrera
|
0-0: DOUBLE (Line Drive, 7LM, EV 92.5 MPH)
|
|
Batting: SHB J.T. Ready
|
0-0: Swinging Strike 0-1: Ball 1-1: Ball 2-1: Foul Ball, location: 2F 2-2: Foul Ball, location: 2F 2-2: Ball 3-2: Strikes out swinging
|
|
Batting: RHB Arnold Schuler
|
0-0: Called Strike 0-1: Fly out, F7 (Flyball, 7D, EV 82.5 MPH)
|
|
Batting: SHB Steve Langlois
|
Balk! Diego Herrera to third 0-0: Ball 1-0: Foul Ball, location: 2F 1-1: Ground out U3 (Groundball, 3S, EV 84.4 MPH)
|
| Top of the 1st over - 0 runs, 1 hit, 0 errors, 1 left on base; Johnson City 0 - Washington (APP) 0 |
| BOTTOM OF THE 1ST |
|
Washington (APP) Nationals batting - Pitching for Johnson City Cardinals : RHP Francisco Galindo
|
|
Pitching: RHP Francisco Galindo
|
|
|
Batting: RHB Victor Rojas
|
0-0: Ball 1-0: Ball 2-0: Ball 3-0: Called Strike 3-1: Ground out 5-3 (Groundball, 5, EV 87.5 MPH)
|
|
Batting: RHB Ivan Torres
|
0-0: Swinging Strike 0-1: Ball 1-1: Foul Ball, location: 2F 1-2: Fly out, F4 (Popup, 34, EV 79.4 MPH)
|
|
Batting: RHB Akira Ishihara
|
0-0: Ball 1-0: Called Strike 1-1: Ground out 6-3 (Groundball, 6, EV 80.6 MPH)
|
| Bottom of the 1st over - 0 runs, 0 hits, 0 errors, 0 left on base; Johnson City 0 - Washington (APP) 0 |
| TOP OF THE 2ND |
|
Johnson City Cardinals batting - Pitching for Washington (APP) Nationals : LHP Mark Ellis
|
|
Batting: SHB Brad Meyer
|
0-0: Called Strike 0-1: Ball 1-1: SINGLE (Groundball, 4, EV 98.1 MPH)
|
|
Batting: SHB Felipe Campanella
|
0-0: Called Strike 0-1: Called Strike 0-2: 2-RUN HOME RUN (Flyball, 7LD, EV 101.2 MPH), Distance : 373 ft
|
|
Batting: LHB Doug Nebel
|
0-0: Foul Ball, location: 2F 0-1: Ball 1-1: Swinging Strike 1-2: Foul Ball, location: 2F 1-2: Ball 2-2: Ball 3-2: Foul Ball, location: 2F 3-2: Base on Balls
|
|
Batting: RHB Seung-kab Park
|
0-0: SINGLE (Groundball, 6MD, EV 99.4 MPH) Doug Nebel to second
|
|
Batting: RHB Kevin Kelly
|
0-0: Foul Ball, location: 2F 0-1: Foul Ball, location: 2F 0-2: Ball 1-2: Strikes out swinging
|
|
Batting: RHB Diego Herrera
|
0-0: Called Strike 0-1: Called Strike 0-2: Ball 1-2: 3-RUN HOME RUN (Flyball, 78XD, EV 109.4 MPH), Distance : 428 ft
|
|
Batting: SHB J.T. Ready
|
0-0: Called Strike 0-1: Ball 1-1: Ball 2-1: Ground out 5-3 (Groundball, 56, EV 105.0 MPH)
|
|
Batting: RHB Arnold Schuler
|
0-0: Called Strike 0-1: Ball 1-1: Foul Ball, location: 2F 1-2: Ground out 5-3 (Groundball, 56, EV 88.1 MPH)
|
| Top of the 2nd over - 5 runs, 4 hits, 0 errors, 0 left on base; Johnson City 5 - Washington (APP) 0 |
| BOTTOM OF THE 2ND |
|
Washington (APP) Nationals batting - Pitching for Johnson City Cardinals : RHP Francisco Galindo
|
|
Batting: RHB Ryan Wright
|
0-0: Ball 1-0: Ball 2-0: Called Strike 2-1: Ball 3-1: Foul Ball, location: 2F 3-2: Base on Balls
|
|
Batting: LHB Emery Helm
|
0-0: Swinging Strike 0-1: Ball 1-1: Swinging Strike 1-2: Foul Ball, location: 2F 1-2: Hit by Pitch Ryan Wright to second
|
|
Batting: RHB Steve Boice
|
0-0: Ball 1-0: Ball 2-0: Called Strike 2-1: Ball 3-1: Base on Balls Ryan Wright to third Emery Helm to second
|
|
Batting: RHB Jorge Torres
|
0-0: Called Strike 0-1: Ball 1-1: Foul Ball, location: 2F 1-2: Ball 2-2: Strikes out swinging
|
|
Batting: RHB Alex Gonzalez
|
0-0: Ball 1-0: Foul Ball, location: 2F 1-1: Fielders Choice at 2nd, 6-4 (Groundball, 6, EV 91.2 MPH) Ryan Wright scores Emery Helm to third
|
|
Batting: RHB Trent Spivey
|
0-0: Ball 1-0: Called Strike 1-1: Ball 2-1: Fly out, F9 (Flyball, 9, EV 93.1 MPH)
|
| Bottom of the 2nd over - 1 run, 0 hits, 0 errors, 2 left on base; Johnson City 5 - Washington (APP) 1 |
| TOP OF THE 3RD |
|
Johnson City Cardinals batting - Pitching for Washington (APP) Nationals : LHP Mark Ellis
|
|
Batting: SHB Steve Langlois
|
0-0: Ball 1-0: Swinging Strike 1-1: Ball 2-1: Foul Ball, location: 2F 2-2: Ball 3-2: SOLO HOME RUN (Flyball, 7D, EV 100.6 MPH), Distance : 389 ft
|
|
Pitching: RHP Yorinobu Matsumoto
|
|
|
Batting: SHB Brad Meyer
|
0-0: Called Strike 0-1: Ball 1-1: DOUBLE (Line Drive, 9LM, EV 100.0 MPH) - OUT at third base trying to stretch hit.
|
|
Batting: SHB Felipe Campanella
|
0-0: Foul Ball, location: 2F 0-1: Ball 1-1: Swinging Strike 1-2: Strikes out swinging
|
|
Batting: LHB Doug Nebel
|
0-0: Ball 1-0: Swinging Strike 1-1: Ball 2-1: Called Strike 2-2: Strikes out swinging
|
| Top of the 3rd over - 1 run, 2 hits, 0 errors, 0 left on base; Johnson City 6 - Washington (APP) 1 |
| BOTTOM OF THE 3RD |
|
Washington (APP) Nationals batting - Pitching for Johnson City Cardinals : RHP Francisco Galindo
|
|
Batting: RHB Victor Rojas
|
0-0: Called Strike 0-1: Called Strike 0-2: Ball 1-2: Strikes out swinging
|
|
Batting: RHB Ivan Torres
|
0-0: Ball 1-0: Ball 2-0: Ball 3-0: Called Strike 3-1: Base on Balls
|
|
Batting: RHB Akira Ishihara
|
0-0: Called Strike 0-1: Ball 1-1: Ball 2-1: Ball 3-1: Foul Ball, location: 2F 3-2: Strikes out looking Ivan Torres steals 2nd, throwing error, E2 Ivan Torres to third
|
|
Batting: RHB Ryan Wright
|
0-0: Ball Wild Pitch! Ivan Torres scores 1-0: Ball 2-0: Foul Ball, location: 2F 2-1: Swinging Strike 2-2: Foul Ball, location: 2F 2-2: Foul Ball, location: 2F 2-2: Strikes out swinging
|
| Bottom of the 3rd over - 1 run, 0 hits, 1 error, 0 left on base; Johnson City 6 - Washington (APP) 2 |
| TOP OF THE 4TH |
|
Johnson City Cardinals batting - Pitching for Washington (APP) Nationals : RHP Yorinobu Matsumoto
|
|
Batting: RHB Seung-kab Park
|
0-0: Ball 1-0: Called Strike 1-1: Foul Ball, location: 2F 1-2: Strikes out looking
|
|
Batting: RHB Kevin Kelly
|
0-0: Ball 1-0: Ball 2-0: Foul Ball, location: 2F 2-1: Foul Ball, location: 2F 2-2: Ball 3-2: Strikes out looking
|
|
Batting: RHB Diego Herrera
|
0-0: Called Strike 0-1: Swinging Strike 0-2: Foul Ball, location: 2F 0-2: Ground out 4-3 (Groundball, 4, EV 103.1 MPH)
|
| Top of the 4th over - 0 runs, 0 hits, 0 errors, 0 left on base; Johnson City 6 - Washington (APP) 2 |
| BOTTOM OF THE 4TH |
|
Washington (APP) Nationals batting - Pitching for Johnson City Cardinals : RHP Francisco Galindo
|
|
Batting: LHB Emery Helm
|
0-0: Foul Ball, location: 2F 0-1: Foul Ball, location: 2F 0-2: Ball 1-2: Ball 2-2: Strikes out swinging
|
|
Batting: RHB Steve Boice
|
0-0: Swinging Strike 0-1: Foul Ball, location: 2F 0-2: Strikes out looking
|
|
Batting: RHB Jorge Torres
|
0-0: Ball 1-0: Foul Ball, location: 2F 1-1: Foul Ball, location: 2F 1-2: Strikes out swinging
|
| Bottom of the 4th over - 0 runs, 0 hits, 0 errors, 0 left on base; Johnson City 6 - Washington (APP) 2 |
| TOP OF THE 5TH |
|
Johnson City Cardinals batting - Pitching for Washington (APP) Nationals : RHP Yorinobu Matsumoto
|
|
Pitching: RHP Karl-Anthony Aure
|
|
|
Batting: SHB J.T. Ready
|
0-0: SINGLE (Line Drive, 8LS, EV 105.0 MPH)
|
|
Batting: RHB Arnold Schuler
|
0-0: Ball 1-0: Ball 2-0: Ball 3-0: Base on Balls J.T. Ready to second
|
|
Batting: SHB Steve Langlois
|
0-0: Called Strike 0-1: Reached on error, E4 (Groundball, 4, EV 84.4 MPH) J.T. Ready to third Arnold Schuler to second
|
|
Batting: SHB Brad Meyer
|
0-0: Ball 1-0: Ball 2-0: Grounds into fielders choice 6-2 (Groundball, 6, EV 82.5 MPH) Arnold Schuler to third Steve Langlois to second
|
|
Batting: SHB Felipe Campanella
|
0-0: Called Strike 0-1: Foul Ball, location: 2F 0-2: Strikes out swinging
|
|
Batting: LHB Doug Nebel
|
0-0: Called Strike 0-1: Called Strike 0-2: Foul Ball, location: 2F 0-2: Ball 1-2: Strikes out swinging
|
| Top of the 5th over - 0 runs, 1 hit, 1 error, 3 left on base; Johnson City 6 - Washington (APP) 2 |
| BOTTOM OF THE 5TH |
|
Washington (APP) Nationals batting - Pitching for Johnson City Cardinals : RHP Francisco Galindo
|
|
Batting: RHB Alex Gonzalez
|
0-0: Called Strike 0-1: Called Strike 0-2: Foul Ball, location: 2F 0-2: Ground out 6-3 (Groundball, 6M, EV 85.6 MPH)
|
|
Batting: RHB Trent Spivey
|
0-0: Ball 1-0: Ground out 5-3 (Groundball, 56S, EV 83.8 MPH)
|
|
Batting: RHB Victor Rojas
|
0-0: Ball 1-0: Ball 2-0: Ball 3-0: Called Strike 3-1: Foul Ball, location: 2F 3-2: Base on Balls
|
|
Batting: RHB Ivan Torres
|
0-0: Ball 1-0: Ball Victor Rojas steals 2nd base 2-0: SINGLE (Flyball, 89S, EV 93.8 MPH) Victor Rojas to third Runner from 3rd tries for Home, SAFE, throw by CF to home
|
|
Batting: RHB Akira Ishihara
|
0-0: Called Strike 0-1: Foul Ball, location: 2F 0-2: Strikes out swinging
|
| Bottom of the 5th over - 1 run, 1 hit, 0 errors, 1 left on base; Johnson City 6 - Washington (APP) 3 |
| TOP OF THE 6TH |
|
Johnson City Cardinals batting - Pitching for Washington (APP) Nationals : RHP Karl-Anthony Aure
|
|
Batting: RHB Seung-kab Park
|
0-0: Ball 1-0: Fly out, F8 (Flyball, 8RD, EV 103.1 MPH)
|
|
Pitching: RHP Matt Crowley
|
|
|
Batting: RHB Kevin Kelly
|
0-0: Ball 1-0: Ball 2-0: Ball 3-0: Called Strike 3-1: Foul Ball, location: 2F 3-2: Strikes out swinging
|
|
Batting: RHB Diego Herrera
|
0-0: Ball 1-0: Swinging Strike 1-1: Ball 2-1: Foul Ball, location: 2F 2-2: Strikes out looking
|
| Top of the 6th over - 0 runs, 0 hits, 0 errors, 0 left on base; Johnson City 6 - Washington (APP) 3 |
| BOTTOM OF THE 6TH |
|
Washington (APP) Nationals batting - Pitching for Johnson City Cardinals : RHP Francisco Galindo
|
|
Batting: RHB Ryan Wright
|
0-0: Called Strike 0-1: Ball 1-1: Ball 2-1: Ball 3-1: Base on Balls
|
|
Batting: LHB Emery Helm
|
0-0: Ball Ryan Wright steals 2nd base 1-0: Ball 2-0: Called Strike 2-1: Foul Ball, location: 2F 2-2: Ball Wild Pitch! Ryan Wright to third 3-2: Base on Balls
|
|
Batting: RHB Steve Boice
|
0-0: SINGLE (Line Drive, 9S, EV 112.5 MPH) Ryan Wright scores Emery Helm to second
|
|
Batting: RHB Jorge Torres
|
0-0: Ball 1-0: Foul Ball, location: 2F 1-1: Foul Ball, location: 2F 1-2: Fielders Choice at 2nd, 5-4 (Groundball, 5, EV 90.6 MPH) Emery Helm to third
|
|
Pitching: RHP Ryan Zart
|
|
|
Batting: RHB Alex Gonzalez
|
0-0: Fielders Choice at 2nd, 6-4 (Groundball, 6M, EV 92.5 MPH) Emery Helm scores
|
|
Batting: RHB Trent Spivey
|
0-0: Called Strike 0-1: Ball Alex Gonzalez steals 2nd, throwing error, E2 Alex Gonzalez to third 1-1: Ball 2-1: Called Strike 2-2: Strikes out looking
|
| Bottom of the 6th over - 2 runs, 1 hit, 1 error, 1 left on base; Johnson City 6 - Washington (APP) 5 |
| TOP OF THE 7TH |
|
Johnson City Cardinals batting - Pitching for Washington (APP) Nationals : RHP Matt Crowley
|
|
Batting: SHB J.T. Ready
|
0-0: Called Strike 0-1: Ball 1-1: Foul Ball, location: 5F, Error on foul ball, E5 1-2: Ball 2-2: Ball 3-2: Foul Ball, location: 2F 3-2: SOLO HOME RUN (Flyball, 89XD, EV 113.1 MPH), Distance : 430 ft
|
|
Pitching: RHP Faradur Bhutani
|
|
|
Batting: RHB Arnold Schuler
|
0-0: Swinging Strike 0-1: Ball 1-1: Foul Ball, location: 2F 1-2: Fly out, F8 (Flyball, 8RD, EV 86.9 MPH)
|
|
Batting: SHB Steve Langlois
|
0-0: Ball 1-0: Called Strike 1-1: SINGLE (Groundball, 34D, EV 96.2 MPH)
|
|
Batting: SHB Brad Meyer
|
0-0: Called Strike Steve Langlois steals 2nd base 0-1: Ball 1-1: Intentional Walk
|
|
Batting: SHB Felipe Campanella
|
0-0: Ball 1-0: Called Strike 1-1: Swinging Strike 1-2: Fly out, F9 (Flyball, 89S, EV 96.2 MPH)
|
|
Batting: LHB Doug Nebel
|
0-0: Ball 1-0: Called Strike 1-1: Ball 2-1: Foul Ball, location: 2F 2-2: Ball 3-2: Foul Ball, location: 2F 3-2: Base on Balls Steve Langlois to third Brad Meyer to second
|
|
Pitching: RHP Cody Hadden
|
|
|
Batting: RHB Seung-kab Park
|
0-0: Called Strike 0-1: Ball 1-1: Ball 2-1: Ground out 5-3 (Groundball, 56S, EV 85.0 MPH)
|
| Top of the 7th over - 1 run, 2 hits, 1 error, 3 left on base; Johnson City 7 - Washington (APP) 5 |
| BOTTOM OF THE 7TH |
|
Washington (APP) Nationals batting - Pitching for Johnson City Cardinals : RHP Ryan Zart
|
|
Batting: RHB Victor Rojas
|
0-0: Ball 1-0: Called Strike 1-1: Swinging Strike 1-2: Strikes out looking
|
|
Batting: RHB Ivan Torres
|
0-0: Ball 1-0: Swinging Strike 1-1: Swinging Strike 1-2: Ground out 6-3 (Groundball, 6MD, EV 108.8 MPH)
|
|
Batting: RHB Akira Ishihara
|
0-0: Foul Ball, location: 2F 0-1: Ball 1-1: Called Strike 1-2: Strikes out swinging
|
| Bottom of the 7th over - 0 runs, 0 hits, 0 errors, 0 left on base; Johnson City 7 - Washington (APP) 5 |
| TOP OF THE 8TH |
|
Johnson City Cardinals batting - Pitching for Washington (APP) Nationals : RHP Cody Hadden
|
|
Batting: RHB Kevin Kelly
|
0-0: Ball 1-0: Ball 2-0: Called Strike 2-1: Foul Ball, location: 2F 2-2: Ball 3-2: Foul Ball, location: 2F 3-2: Strikes out swinging
|
|
Batting: RHB Diego Herrera
|
0-0: Ball 1-0: Ball 2-0: Ball 3-0: Base on Balls
|
|
Batting: SHB J.T. Ready
|
0-0: Called Strike 0-1: Swinging Strike 0-2: DOUBLE (Groundball, 5L, EV 95.0 MPH) Diego Herrera to third
|
|
Pitching: RHP Coltyn Forte
|
|
|
Batting: RHB Arnold Schuler
|
0-0: Swinging Strike 0-1: Ball 1-1: Ball 2-1: Called Strike 2-2: Fly out, F7 (Flyball, 7D, EV 92.5 MPH) Runner from 3rd tags up, SCORES, throw by LF J.T. Ready to third
|
|
Batting: SHB Steve Langlois
|
0-0: Foul Ball, location: 2F 0-1: Ball 1-1: Foul Ball, location: 2F 1-2: Ground out 6-3 (Groundball, 6, EV 86.9 MPH)
|
| Top of the 8th over - 1 run, 1 hit, 0 errors, 1 left on base; Johnson City 8 - Washington (APP) 5 |
| BOTTOM OF THE 8TH |
|
Washington (APP) Nationals batting - Pitching for Johnson City Cardinals : RHP Ryan Zart
|
|
Batting: RHB Ryan Wright
|
0-0: Ball 1-0: Foul Ball, location: 2F 1-1: Ball 2-1: Swinging Strike 2-2: Strikes out looking
|
|
Batting: LHB Emery Helm
|
0-0: Ball 1-0: Foul Ball, location: 2F 1-1: Foul Ball, location: 2F 1-2: Foul Ball, location: 2F 1-2: Ball 2-2: Strikes out swinging
|
|
Batting: RHB Steve Boice
|
0-0: Ball 1-0: Foul Ball, location: 2F 1-1: Called Strike 1-2: Foul Ball, location: 2F 1-2: Strikes out swinging, 2-3 out at first.
|
| Bottom of the 8th over - 0 runs, 0 hits, 0 errors, 0 left on base; Johnson City 8 - Washington (APP) 5 |
| TOP OF THE 9TH |
|
Johnson City Cardinals batting - Pitching for Washington (APP) Nationals : RHP Coltyn Forte
|
|
Batting: SHB Brad Meyer
|
0-0: Ball 1-0: Called Strike 1-1: DOUBLE (Groundball, 5L, EV 97.5 MPH)
|
|
Batting: SHB Felipe Campanella
|
0-0: Reached on error, E6 (Groundball, 6S, EV 85.0 MPH) Brad Meyer scores
|
|
Batting: LHB Doug Nebel
|
0-0: Ball 1-0: Foul Ball, location: 2F 1-1: Foul Ball, location: 2F 1-2: Foul Ball, location: 2F 1-2: Foul Ball, location: 2F 1-2: Ball 2-2: Foul Ball, location: 2F 2-2: Ball 3-2: Strikes out looking
|
|
Pitching: RHP Seth Wright
|
|
|
Batting: RHB Seung-kab Park
|
0-0: Ball 1-0: Ball 2-0: Called Strike 2-1: Swinging Strike 2-2: Ball 3-2: Base on Balls
|
|
Batting: RHB Kevin Kelly
|
0-0: Swinging Strike 0-1: Ball 1-1: Ball Passed Ball! Felipe Campanella to third Seung-kab Park to second 2-1: Foul Ball, location: 2F 2-2: DOUBLE (Line Drive, 7LS, EV 100.0 MPH) Felipe Campanella scores Seung-kab Park scores
|
|
Batting: RHB Diego Herrera
|
0-0: Ball 1-0: Swinging Strike 1-1: Swinging Strike 1-2: Ball 2-2: Foul Ball, location: 2F 2-2: Ball 3-2: Foul Ball, location: 2F 3-2: Base on Balls
|
|
Pitching: RHP Kareem Linz
|
|
|
Batting: SHB J.T. Ready
|
0-0: Ball 1-0: Swinging Strike 1-1: Swinging Strike 1-2: Ball 2-2: Ball 3-2: Strikes out looking
|
|
Batting: RHB Arnold Schuler
|
0-0: Foul Ball, location: 2F 0-1: Ball 1-1: Swinging Strike 1-2: Ball 2-2: Fly out, F7 (Line Drive, 7S, EV 105.6 MPH)
|
| Top of the 9th over - 3 runs, 2 hits, 1 error, 2 left on base; Johnson City 11 - Washington (APP) 5 |
| BOTTOM OF THE 9TH |
|
Washington (APP) Nationals batting - Pitching for Johnson City Cardinals : RHP Ryan Zart
|
|
Batting: RHB Jorge Torres
|
0-0: Called Strike 0-1: Foul Ball, location: 2F 0-2: Foul Ball, location: 2F 0-2: Ball 1-2: Fly out, F9 (Flyball, 9S, EV 84.4 MPH)
|
|
Batting: RHB Alex Gonzalez
|
0-0: Swinging Strike 0-1: Ball 1-1: Foul Ball, location: 2F 1-2: Strikes out swinging
|
|
Batting: RHB Trent Spivey
|
0-0: Ball 1-0: Ball 2-0: Swinging Strike 2-1: Fly out, F8 (Flyball, 8LD, EV 93.1 MPH)
|
| Bottom of the 9th over - 0 runs, 0 hits, 0 errors, 0 left on base; Johnson City 11 - Washington (APP) 5 |
|